 Dungeon Crawl Stone Soup version 0.27-a0-789-g6bb3289e1e (webtiles) character file.

Game seed: 5794499988409753490

5710 jabarkas the Fighter (level 10, -6/78 HPs)
             Began as a Djinni Wanderer on Mar 26, 2021.
             Was an Initiate of Gozag.
             Mangled by a sixfirhy (9 damage)
             ... summoned by an orc high priest
             ... on level 9 of the Dungeon.
             The game lasted 00:18:26 (11043 turns).

jabarkas the Fighter (Djinni Wanderer)             Turns: 11043, Time: 00:18:27

Health: -6/78      AC:  9    Str: 10    XL:     10   Next: 76%
Gold:   1083       EV: 17    Int: 19    God:    Gozag SH: 10 Dex: 12

rFire    + + .     SeeInvis .   t - +0 dagger (venom)
rCold    x . .     Faith    .   y - +0 buckler
rNeg     . . .     Spirit   .   A - +3 leather armour
rPois    ∞         Reflect  +   (no helmet)
rElec    .         Harm     .   u - +0 cloak
rCorr    .         Rampage  .   g - +1 pair of gloves
Will     +....                  (boots unavailable)
Stlth    +.........             h - amulet of reflection
HPRegen  0.23/turn              m - +4 ring of evasion
MPRegen  0.00/turn              (no ring)

@: flying
A: fire resistance 2, cold vulnerability 1, float, innate caster, hp casting,
extra vitality 1
a: Renounce Religion, Potion Petition, Call Merchant, Bribe Branch


You were on level 9 of the Dungeon.
You worshipped Gozag.
Gozag was most pleased with you.
You visited 1 branch of the dungeon, and saw 9 of its levels.
You also visited: Sewer.

You collected 1331 gold pieces.
You spent 230 gold pieces at shops.
You paid 18 gold pieces to Gozag.

Inventory:

Hand Weapons
 a - a +2 shortbow
 t - a +0 dagger of venom (weapon)
Missiles
 b - 123 arrows
 e - 6 atropa-tipped darts
 j - 54 poisoned darts (quivered)
Armour
 g - a +1 pair of gloves (worn)
 u - a +0 cloak (worn)
 y - a +0 buckler (worn)
 A - a +3 leather armour (worn)
 E - a +0 kite shield
Magical Staves
 K - a staff of cold
Jewellery
 h - an amulet of reflection (around neck)
 m - a +4 ring of evasion (right hand)
Wands
 l - a wand of mindburst (23)
 F - a wand of digging (3)
Scrolls
 c - a scroll of acquirement {unknown}
 d - a scroll of fear {unknown}
 f - a scroll of amnesia {unknown}
 i - 6 scrolls of teleportation
 k - 4 scrolls of identify
 q - 2 scrolls of blinking {unknown}
 r - 2 scrolls of torment {unknown}
 w - 3 scrolls of noise {unknown}
 x - a scroll of magic mapping {unknown}
 z - a scroll of enchant armour
 B - a scroll of holy word {unknown}
 L - a scroll of summoning {unknown}
Potions
 n - 2 potions of flight
 o - 2 potions of curing
 p - a potion of heal wounds
 s - a potion of ambrosia {unknown}
 v - 3 potions of lignification {unknown}
 C - a potion of haste
 D - a potion of resistance
 G - a potion of magic {unknown}
 H - a potion of brilliance {unknown}
 I - 3 potions of cancellation {unknown}
 J - a potion of attraction {unknown}


   Skills:
 + Level 9.4 Fighting
 - Level 2.4 Bows
 - Level 6.5 Dodging
 + Level 7.0 Shields
 + Level 8.1 Spellcasting


You had 11 spell levels left.
You knew the following spells:

 Your Spells              Type           Power      Damage    Failure   Level
a - Foxfire               Conj/Fire      100%       2x1d9     1%          1
b - Conjure Flame         Conj/Fire      38%        6-21      1%          3
c - Magic Dart            Conj           100%       1d8       1%          1
d - Blink                 Tloc           N/A        N/A       1%          2
e - Dazzling Flash        Conj/Hex       76%        N/A       1%          3
f - Passage of Golubria   Tloc           N/A        N/A       4%          4
Your spell library was empty.

Dungeon Overview and Level Annotations

Branches:
Dungeon (9/15)             Temple (0/1) D:4           Sewer (visited)
   Lair: D:8-11         Orc: D:9-12

Altars:
Gozag
Yredelemnul
Zin

Shops:
D:6 !

Annotations:
D:2 1 runed translucent door, Crazy Yiuf
D:3 2 transporters, HilariousDeathArtist's ghost, weakling DrWn
D:5 2 runed translucent doors, srzhan31's ghost, amateur DjFE


Innate Abilities, Weirdness & Mutations

You are immune to poison.
Your flesh is very heat resistant. (rF++)
You are vulnerable to cold. (rC-)
You float through the air rather than walking.
You learn spells naturally, not from books.
Your magical power is your life essence.
You have superior vitality. (+4 HP)


Message History

Unknown command.
Casting: Magic Dart (safe; 1% risk of failure)
Confirm with . or Enter, or press ? or * to list all spells.
Aiming: Magic Dart (safe; 1% risk of failure)
Press: ? - help, Shift-Dir - straight line, f/p - orc high priest
Aim: an orc high priest, wielding a +0 scimitar (heavily wounded, very poisoned, 0% to evade)
The magic dart hits the orc high priest.
The orc high priest is severely wounded.
The orc high priest closely misses you.
Unknown command.
Casting: Magic Dart (safe; 1% risk of failure)
Confirm with . or Enter, or press ? or * to list all spells.
Aiming: Magic Dart (safe; 1% risk of failure)
Press: ? - help, Shift-Dir - straight line, f/p - orc high priest
Aim: an orc high priest, wielding a +0 scimitar (severely wounded, very poisoned, 0% to evade)
The magic dart hits the orc high priest.
The orc high priest is severely wounded.
The orc high priest utters an invocation to Beogh.
You hear a shout!
Unknown command.
Casting: Magic Dart (safe; 1% risk of failure)
Confirm with . or Enter, or press ? or * to list all spells.
The chaos spawn is dazzled.
* * * LOW HITPOINT WARNING * * *
You hear a shout!
The orc high priest prays to Beogh.
You hear a shout!
Unknown command.
Unknown command.
Casting: Dazzling Flash (safe; 1% risk of failure)
Confirm with . or Enter, or press ? or * to list all spells.
The orc high priest is dazzled.
* * * LOW HITPOINT WARNING * * *
The sixfirhy hits you.
* * * LOW HITPOINT WARNING * * *
The sixfirhy shocks you!
* * * LOW HITPOINT WARNING * * *
The sixfirhy hits you!
You die...
Your body crumbles into a pile of gold.

.# .. #...##... ...#.
#........ #....
##+###'###... #..#.
#.......##..# ....#
#....)..##..# ..{
#....[..##..# #4##
#####.#####..# #o##
#...#.#...#..#
#.#@###.#.....#.#...
..
#.##3##..##.##..#...
..# o)
##.##.#.#.#.##..# ...
.=# #.))..#(#.......
#.##"
##)##(#.#.#.##... #.##
##.##..##.##..#.^.
#.###.###.#.....#.#..#
#.#.## #...#.#...#...
#.## #####.#####..#


You could see an orc high priest (blind, very poisoned), a sixfirhy (summoned)
and a chaos spawn (summoned, blind).

Vanquished Creatures
  A two-headed ogre (D:8)
  Pikel (D:6)
  Psyche (D:8)
  A troll (D:8)
  2 slime creatures (D:9)
  2 wyverns
  4 yaks (D:8)
  2 steam dragons
  Edmund (D:6)
  Duvessa (D:5)
  2 orc warriors
  3 ice beasts
  2 necrophages
  A tengu (D:9)
  An ogre (D:4)
  2 centaurs
  2 lemures (D:6)
  A phantom (D:4)
  2 kobold brigands
  2 bullfrogs (D:6)
  A gnoll sergeant (D:6)
  Dowan (D:5)
  4 scorpions
  A killer bee (D:9)
  A wight (D:9)
  4 centaur zombies
  6 orc priests
  A bullfrog skeleton (D:6)
  A bullfrog zombie (D:6)
  2 jellies
  A hound (D:7)
  A centaur skeleton (D:5)
  4 iguanas
  8 orc wizards
  A killer bee zombie (D:6)
  A mummy (D:6)
  4 gnolls (D:6)
  11 adders
  5 river rats
  A white imp (D:6)
  An ufetubus (D:7)
  6 worms
  A dart slug (D:2)
  13 orcs
  8 endoplasms
  4 giant cockroaches
  4 goblins
  7 hobgoblins
  3 quokkas (D:1)
  2 ball pythons
  5 bats
  6 frilled lizards
  A hobgoblin zombie (D:6)
  9 kobolds
  A kobold zombie (D:6)
  2 orc zombies (D:6)
  16 rats
182 creatures vanquished.

Vanquished Creatures (others)
  An orc (D:8)
  597 foxfires
598 creatures vanquished.

Grand Total: 780 creatures vanquished

Notes
Turn   | Place    | Note
-------+----------+-------------------------------------------
     0 | D:1      | jabarkas the Djinni Wanderer began the quest for the Orb.
     0 | D:1      | Reached XP level 1. HP: 18/18 MP: 0/0
   125 | D:1      | Reached XP level 2. HP: 23/23 MP: 0/0
   417 | D:1      | Reached XP level 3. HP: 29/29 MP: 0/0
   417 | D:1      | Learned a level 1 spell: Magic Dart
   945 | D:2      | Found a runed translucent door.
   946 | D:2      | Noticed Crazy Yiuf
  1041 | D:2      | Reached XP level 4. HP: 34/34 MP: 0/0
  1054 | D:2      | Reached skill level 3 in Fighting
  1688 | D:3      | Found a transporter.
  1689 | D:3      | Noticed HilariousDeathArtist's ghost (weakling DrWn)
  1703 | D:3      | Found a transporter.
  1769 | D:3      | Reached XP level 5. HP: 38/40 MP: 0/0
  1769 | D:3      | Learned a level 2 spell: Blink
  2201 | D:3      | Found an opulent altar of Gozag.
  2241 | D:3      | Became a worshipper of Gozag Ym Sagoz the Greedy
  2394 | D:4      | Found a staircase to the Ecumenical Temple.
  2574 | D:4      | Found a glowing drain.
  2620 | Sewer    | Entered a sewer
  2898 | Sewer    | Noticed a kobold brigand
  2906 | Sewer    | Killed a kobold brigand
  2907 | Sewer    | Reached skill level 4 in Fighting
  2907 | Sewer    | Reached XP level 6. HP: 41/47 MP: 0/0
  2957 | Sewer    | Found a white marble altar of Elyvilon.
  3413 | D:4      | Reached XP level 7. HP: 45/53 MP: 0/0
  3413 | D:4      | Learned a level 3 spell: Dazzling Flash
  3726 | D:4      | Reached skill level 1 in Dodging
  4002 | D:5      | Entered Level 5 of the Dungeon
  4341 | D:5      | Noticed Duvessa
  4341 | D:5      | Noticed Dowan
  4361 | D:5      | Killed Duvessa
  4362 | D:5      | Reached skill level 5 in Fighting
  4363 | D:5      | Killed Dowan
  4623 | D:5      | Reached XP level 8. HP: 59/59 MP: 0/0
  4626 | D:5      | Found a large runed translucent door.
  4626 | D:5      | Found a large runed translucent door.
  4632 | D:5      | Noticed srzhan31's ghost (amateur DjFE)
  4829 | D:5      | Reached skill level 5 in Spellcasting
  5641 | D:6      | Reached skill level 6 in Fighting
  5757 | D:6      | Noticed Edmund
  5798 | D:6      | Killed Edmund
  6029 | D:6      | Reached skill level 5 in Dodging
  6138 | D:6      | Reached XP level 9. HP: 52/67 MP: 0/0
  6138 | D:6      | Learned a level 4 spell: Passage of Golubria
  6495 | D:6      | Reached skill level 7 in Fighting
  6657 | D:6      | Found a basalt altar of Yredelemnul.
  6778 | D:6      | Noticed Pikel
  6790 | D:6      | Killed Pikel
  6982 | D:6      | Found Yfikaut's Distillery.
  7009 | D:6      | Bought a potion of haste for 100 gold pieces
  7009 | D:6      | Bought a potion of curing for 30 gold pieces
  7009 | D:6      | Bought a potion of resistance for 100 gold pieces
  7404 | D:7      | Found a glowing silver altar of Zin.
  8057 | D:8      | Reached skill level 8 in Fighting
  8057 | D:8      | Reached skill level 5 in Shields
  8386 | D:8      | Reached XP level 10. HP: 55/76 MP: 0/0
  8535 | D:8      | Noticed a two-headed ogre
  8538 | D:8      | Noticed Psyche
  8594 | D:8      | Killed a two-headed ogre
  8612 | D:8      | Killed Psyche
  8979 | D:9      | Noticed Maurice
  9092 | D:9      | Noticed Maurice
  9092 | D:9      | Maurice changed into Maurice the tengu
  9191 | D:9      | Killed Maurice the tengu
  9682 | D:8      | Reached skill level 9 in Fighting
 11019 | D:9      | Noticed an orc high priest
 11028 | D:9      | Noticed a deep elf pyromancer
 11043 | D:9      | Noticed a sixfirhy
 11043 | D:9      | HP: 3/78 [sixfirhy[an orc high priest] (11)]
 11043 | D:9      | Mangled by a sixfirhy

Illustrated notes

Levels and vault maps discovered:
D:1:      wander_arrival_peaceful_grave, layout_loops_ring
D:2:      layout_basic, uniq_crazy_yiuf_cottage
D:3:      layout_basic, gammafunk_ghost_stat_death, grunt_gozag_statues
D:4:      layout_basic, minmay_temple_entry_arrows, lightli_sewer_entry_pipes,
          minmay_misc_feat_secret_circle
D:5:      layout_gridville, ebering_ghost_disaster_area, uniq_duvessa
D:6:      cheibrodos_helix_gallery, layout_rooms, basic_altar, serial_shops,
          shop, minmay_mini_ossuary, uniq_edmund, uniq_pikel
D:7:      layout_rooms, zin_scriptorium, serial_aquarium, aquarium_bridge_square
          [aquarium_subvault_bridge, aquarium_subvault_wall,
          aquarium_subvault_wall, aquarium_subvault_window],
          aquarium_bridge_straight [aquarium_subvault_bridge,
          aquarium_subvault_window, aquarium_subvault_bridge,
          aquarium_subvault_window], aquarium_window_3, aquarium_window_2,
          aquarium_window_fake, aquarium_window_fake, aquarium_view_2b,
          aquarium_balcony_double_4, aquarium_pool_double
D:8:      minmay_klotski, layout_gridville, uniq_psyche
D:9:      minmay_the_grid_4x2 [minmay_the_grid_tree, minmay_the_grid_odd_star,
          minmay_the_grid_spin_star, minmay_the_grid_pillar_ring,
          minmay_the_grid_plusring, minmay_the_grid_doors,
          minmay_the_grid_tri_star, minmay_the_grid_prize_diamond_cup],
          layout_stronghold, lair_entry_dummy, roderic_lattice_a,
          minmay_alternating_orb, uniq_erica, uniq_maurice, uniq_erolcha

Skill      XL: |  1  2  3  4  5  6  7  8  9 10 |
---------------+-------------------------------+-----
Spellcasting   | 3 4 6 7 8 |  8.1
Fighting       | 3 4 5 6 8 9 |  9.4
Shields        | 3 4 5 7 |  7.0
Dodging        | 3 5 6 |  6.5
Bows           | |  2.4

Action                   |  1- 3 |  4- 6 |  7- 9 | 10-12 || total
-------------------------+-------+-------+-------+-------++-------
Melee: Unarmed           |       |     4 |       |       ||     4
       Dagger            |       |       |   165 |    63 ||   228
       Shortbow          |       |       |     1 |       ||     1
 Fire: Shortbow          |   115 |   127 |     8 |       ||   250
Throw: Dart              |       |       |     1 |       ||     1
 Cast: Foxfire           |       |    36 |   211 |    99 ||   346
       Blink             |       |     1 |     1 |     8 ||    10
       Conjure Flame     |       |     1 |       |     1 ||     2
       Magic Dart        |       |       |     4 |     5 ||     9
       Dazzling Flash    |       |       |     2 |     6 ||     8
Evoke: Wand              |       |     2 |     9 |    18 ||    29
  Use: Potion            |       |     1 |     1 |     3 ||     5
       Scroll            |       |     8 |       |     1 ||     9
 Stab: Invisible         |       |       |     1 |       ||     1
Armor: Ring mail         |    14 |    19 |    57 |       ||    90
       Leather armour    |       |       |    11 |    22 ||    33
Dodge: Dodged            |    27 |    46 |   147 |    74 ||   294
Block: Other             |     2 |    19 |    29 |       ||    50
       Reflection        |       |     1 |       |     2 ||     3
       Buckler           |       |       |    39 |    72 ||   111

Table legend: (Time is in decaauts)
 A = Elapsed time spent in this place.
 B = Non-inter-level travel time spent in this place.
 C = Inter-level travel time spent in this place.
 D = Time resting spent in this place.
 E = Time spent auto-exploring this place.
 F = Levels seen in this place.
 G = Mean time per level.
                   A        B        C        D        E       F      G
               +--------+--------+--------+--------+--------+-----+--------+
         Total |  11096 |  10762 |    334 |   1654 |   6927 |  10 | 1109.6 |
       Dungeon |  10718 |  10384 |    334 |   1493 |   6834 |   9 | 1190.9 |
         Sewer |    378 |    378 |      0 |    161 |     93 |   1 |  378.0 |
               +--------+--------+--------+--------+--------+-----+--------+

Top non-repeatable levels by time:
     D:8: 1980 daAuts
     D:4: 1647 daAuts
     D:6: 1505 daAuts
     D:5: 1280 daAuts
     D:7: 1028 daAuts
     D:2: 977 daAuts
     D:9: 913 daAuts
     D:3: 713 daAuts
     D:1: 671 daAuts
   Sewer: 378 daAuts
